 Dungeon Crawl Stone Soup version 0.28.0-53-g5a82cb258f (webtiles) character file.

Game seed: 15036731672531293131

109 Sin92 the Skirmisher (level 4, -7/35 HPs)
             Began as a Demonspawn Fighter on July 28, 2022.
             Mangled by a two-headed ogre
             ... wielding a +0 giant club
              (16 damage)
             ... on level 4 of the Dungeon.
             The game lasted 00:02:24 (2620 turns).

Sin92 the Skirmisher (Demonspawn Fighter)           Turns: 2620, Time: 00:02:25

Health: -7/35      AC:  7    Str: 18    XL:     4   Next: 59%
Magic:  4/4        EV: 14    Int:  9    God:
Gold:   144        SH:  4    Dex: 13    Spells: 3/3 levels left

rFire   . . .      SeeInvis .   a - +0 war axe
rCold   . . .      Faith    .   c - +0 buckler
rNeg    . . .      Spirit   .   b - +0 scale mail
rPois   .          Reflect  .   s - +1 hat
rElec   .          Harm     .   (no cloak)
rCorr   .          Rampage  .   (no gloves)
Will    .....                   (no boots)
Stlth   ..........              (no amulet)
HPRegen 0.11/turn               (no ring)
MPRegen 0.09/turn               (no ring)

@: agile
A: powered by pain 2
a: no special abilities


You were on level 4 of the Dungeon.
You visited 1 branch of the dungeon, and saw 4 of its levels.

You collected 144 gold pieces.

Inventory:

Hand Weapons
 a - a +0 war axe (weapon)
Armour
 b - a +0 scale mail (worn)
 c - a +0 buckler (worn)
 s - a +1 hat (worn)
Jewellery
 i - a +4 ring of evasion
Scrolls
 e - a scroll of torment {unknown}
 j - a scroll of amnesia {unknown}
 k - 4 scrolls of vulnerability {unknown}
 l - a scroll of enchant weapon {unknown}
 m - a scroll of magic mapping {unknown}
 n - 3 scrolls of silence {unknown}
 o - 2 scrolls of noise {unknown}
 p - a scroll of brand weapon {unknown}
 r - a scroll of summoning {unknown}
Potions
 d - 2 potions of might
 f - a potion of attraction {unknown}
 g - a potion of ambrosia {unknown}
 h - a potion of cancellation {unknown}
 q - 2 potions of flight {unknown}


   Skills:
 + Level 3.5 Fighting
 * Level 3.1 Axes
 + Level 3.2 Armour
 + Level 3.2 Shields


You had 3 spell levels left.
You didn't know any spells.
Your spell library was empty.

Dungeon Overview and Level Annotations

Branches:
Dungeon (4/15)
 Temple: D:4-7

Altars:
Ashenzari
Cheibriados
Fedhas
Nemelex Xobeh


Innate Abilities, Weirdness & Mutations

You sometimes gain power by taking damage.


Message History

Done exploring.
No target in view!
Done exploring.
No target in view!
Unknown command.
Done exploring.
No target in view!
Done exploring.
No target in view!
Done exploring.
You see here a +1 hat.
s - a +1 hat You start putting on your armour.
You continue putting on your +1 hat. x4
You finish putting on your +1 hat.
Done exploring.
There is a stone staircase leading down here.
You climb downwards.
You hear the sound of rushing water.
There is an entrance to a sewer on this level.
Hurry and find it before the portal rusts away!
There is a stone staircase leading up here.
Found a scorched quarterstaff.
No target in view!
A two-headed ogre comes into view. It is wielding two +0 giant clubs.
Found a blossoming altar of Fedhas.
The two-headed ogre shouts in stereo!
A two-headed ogre is nearby!
You hit the two-headed ogre.
The two-headed ogre is lightly wounded.
The two-headed ogre hits you with a +0 giant club.
The two-headed ogre closely misses you.
The two-headed ogre hits you with a +0 giant club!!
Ouch! That really hurt!
* * * LOW HITPOINT WARNING * * *
You focus on the pain.
You feel agile all of a sudden. The two-headed ogre closely misses you.
You barely miss the two-headed ogre.
The two-headed ogre is lightly wounded.
The two-headed ogre hits you with a +0 giant club!
You die...

##########
.........#
..P.P....#
..._.....#######
..P.P.O@.......#
...........###.#####
...................+
...........#...#<.##
####.....###.###..#
#)..... #.# ...#
#..#### #.#.##.# #..
#... .# #.. ### .#


You could see a two-headed ogre.

Vanquished Creatures
  Jessica (D:3)
  3 adders (D:3)
  A worm (D:3)
  2 dart slugs
  An orc (D:3)
  4 endoplasms (D:1)
  2 giant cockroaches
  3 goblins (D:1)
  3 hobgoblins
  3 jackals (D:1)
  6 kobolds
  3 quokkas
  3 ball pythons
  5 bats
  2 frilled lizards
  6 rats
48 creatures vanquished.

Notes
Turn   | Place    | Note
-------+----------+-------------------------------------------
     0 | D:1      | Sin92 the Demonspawn Fighter began the quest for the Orb.
     0 | D:1      | Reached XP level 1. HP: 18/18 MP: 1/1
   250 | D:1      | Gained mutation: You sometimes gain a little power by
                  | taking damage. [demonic ancestry]
   250 | D:1      | Reached XP level 2. HP: 24/24 MP: 2/2
   938 | D:2      | Found a faded altar of an unknown god.
  1006 | D:2      | Reached XP level 3. HP: 19/25 MP: 3/3
  1103 | D:2      | Found a sparkling altar of Nemelex Xobeh.
  2240 | D:3      | Found a broken altar of Ashenzari.
  2293 | D:3      | Noticed Jessica
  2297 | D:3      | Killed Jessica
  2298 | D:3      | Gained mutation: You sometimes gain power by taking damage.
                  | [demonic ancestry]
  2298 | D:3      | Reached XP level 4. HP: 35/35 MP: 4/4
  2429 | D:3      | Found a snail-covered altar of Cheibriados.
  2615 | D:4      | Found a blossoming altar of Fedhas.
  2615 | D:4      | Noticed a two-headed ogre
  2620 | D:4      | Mangled by a two-headed ogre

Illustrated notes

Levels and vault maps discovered:
D:1:      dpeg_arrival_ratfight, layout_basic
D:2:      layout_basic, basic_altar, shapermc_ecumenical_altar_ellora,
          corner_web_ring, minmay_tetromino_i4
D:3:      layout_loops_ring, mainiacjoe_overflow_alcove_1,
          kennysheep_slug_shrine, uniq_jessica
D:4:      layout_basic, fedhas_altar_1, mainiacjoe_overflow_boulevard,
          lightli_sewer_entry_pipes, corexii_item_surrounded_by_moat,
          kennysheep_cross_bottleneck, minmay_splitting_lines,
          kennysheep_generic_room_3, uniq_eustachio, uniq_menkaure

Skill      XL: |  1  2  3 |
---------------+----------+-----
Axes           | 2 3 |  3.1
Armour         | 3 |  3.2
Shields        | 3 |  3.2
Fighting       | |  3.5

Action                   |  1- 3 |  4- 6 || total
-------------------------+-------+-------++-------
Melee: War axe           |   121 |    13 ||   134
Armor: Scale mail        |    65 |     5 ||    70
Dodge: Dodged            |    52 |     9 ||    61
Block: Buckler           |    38 |     5 ||    43
